 Dungeon Crawl Stone Soup version 0.18-a0-1799-g6250cb2 (webtiles) character file.

28 4thArraOfDagon the Vexing (level 3, -3/26 HPs)
             Began as a Formicid Arcane Marksman on Apr 23, 2016.
             Slain by a hound (6 damage)
             ... on level 4 of the Dungeon.
             The game lasted 00:02:30 (362 turns).

4thArraOfDagon the Vexing (Formicid Arcane Marksman) Turns: 362, Time: 00:02:31

Health: -3/26      AC:  3    Str: 15    XL:     3   Next: 30%
Magic:  4/4        EV: 11    Int: 13    God:
Gold:   13         SH:  0    Dex:  6    Spells: 1 memorised, 3 levels left

rFire  . . .     SeeInvis +     a - +0 hand crossbow
rCold  . . .     Gourm    .     b - +0 robe
rNeg   . . .     Faith    .     (no shield)
rPois  .         Spirit   .     (helmet unavailable)
rElec  +         Dismiss  .     (no cloak)
rCorr  +         Reflect  .     h - +0 pair of gloves "Dotele" {+Inv rElec rCorr Dex-4}
SustAt .         Harm     .     (no boots)
MR     .....                    (no amulet)
Stlth  +.........               (no ring)
                                k - ring of flight

@: not resistant to hostile enchantments, very unstealthy
A: permanent stasis, dig shafts and tunnels, four strong arms, antennae 3
a: Dig, Shaft Self, Evoke Invisibility, Evoke Flight


You were on level 4 of the Dungeon.
You were not hungry.

You visited 1 branch of the dungeon, and saw 4 of its levels.

You collected 13 gold pieces.

Inventory:

Hand Weapons
 a - a +0 hand crossbow (weapon)
Missiles
 d - 6 bolts (quivered)
Armour
 b - a +0 robe (worn)
 h - the +0 pair of gloves "Dotele" (worn) {+Inv rElec rCorr Dex-4}
   (You found it on level 4 of the Dungeon)

   It affects your dexterity (-4).
   It insulates you from electricity.
   It lets you turn invisible.
   It protects you from acid and corrosion.
Jewellery
 k - a ring of flight (left hand)
Potions
 e - a potion of invisibility {unknown}
 g - 2 potions of degeneration {unknown}
Books
 c - a book of Debilitation

   Spells                             Type                      Level
   a - Corona                         Hexes                        1
   b - Slow                           Hexes                        2
   c - Gell's Gravitas                Hexes/Translocation          3
   d - Inner Flame                    Hexes/Fire                   3
   e - Cause Fear                     Hexes                        4
   f - Leda's Liquefaction            Hexes/Earth                  4
 j - a book of Spatial Translocations

   Spells                             Type                      Level
   a - Apportation                    Translocation                1
   b - Blink                          Translocation                2
   c - Shroud of Golubria             Charms/Translocation         2
   d - Portal Projectile              Translocation                3
   e - Teleport Other                 Translocation                3
   f - Passage of Golubria            Translocation                4
Comestibles
 f - 2 bread rations
 i - a slice of pizza


   Skills:
 - Level 1.1 Fighting
 * Level 3.5 Crossbows
 - Level 1.7 Dodging
 - Level 1.1 Spellcasting
 - Level 3.6 Hexes


You had 3 spell levels left.
You knew the following spells:

 Your Spells              Type           Power        Failure   Level  Hunger
a - Corona                Hex            ##.....      10%         1    ##.....


Dungeon Overview and Level Annotations

Branches:
Dungeon (4/15)
 Temple: D:4-7

Altars:

Annotations:
D:3 exclusion: downstairs


Innate Abilities, Weirdness & Mutations

You are under a permanent stasis effect.
You can dig through walls and to a lower floor.
Your four strong arms can wield two-handed weapons with a shield.
You have a pair of large antennae on your head (SInv).


Message History

The hound closely misses you. The hound bites you.
* * * LOW HITPOINT WARNING * * *
Firing (i - inventory):
d - 8 bolts (quivered)
Press: ? - help, Shift-Dir - straight line, f/p - hound
Aim: a hound (heavily wounded)
You shoot a bolt. The bolt hits the hound.
The hound is almost dead.
The hound closely misses you. The hound bites you but does no damage.
An ogre comes into view. It is wielding a giant spiked club.
Firing (i - inventory):
d - 7 bolts (quivered)
Press: ? - help, Shift-Dir - straight line, f/p - hound
Aim: a hound (almost dead)
You shoot a bolt. The ogre shouts!
The bolt hits the hound but does no damage.
The hound is almost dead.
The hound bites you.
* * * LOW HITPOINT WARNING * * *
The hound bites you.
You die...

.......{...÷....#
#######+#.......# .#
#.#<......# .##
#.#.#.##.## #..
#.#....#... ..#
#†#.######## ..#
#.#.O...... ..#
#.#.....######.>####.
#.........@h.....(...
###.....#############
#.....# #.....#
#.....# #.....#
#.....# #.....#
#######


You could see an ogre and a hound.

Vanquished Creatures
  2 adders (D:4)
  An ooze (D:4)
  2 jackals (D:4)
  A quokka (D:3)
  2 rats
8 creatures vanquished.

Notes
Turn   | Place    | Note
--------------------------------------------------------------
     0 | D:1      | 4thArraOfDagon the Formicid Arcane Marksman began the quest for the Orb.
     0 | D:1      | Reached XP level 1. HP: 15/15 MP: 2/2
     0 | D:1      | 4thArraOfDagon: !lm 4thArraOfDagon rune min=turn
     0 | D:1      | beem: 2495. [2013-02-09 09:33:57] 4thArraOfDagon the Faith Healer (L11 DDHe of Elyvilon) found a decaying rune of Zot on turn 1675. (Swamp:5)
     4 | D:1      | You fall through a shaft!
    32 | D:2      | You fall through a shaft for 2 floors!
    34 | D:4      | Reached XP level 2. HP: 7/21 MP: 3/3
   118 | D:4      | Noticed an ogre
   123 | D:4      | Got a pair of spiked gloves
   149 | D:3      | Identified the +0 pair of gloves "Dotele" {+Inv rElec rCorr Dex-4} (You found it on level 4 of the Dungeon)
   236 | D:4      | Reached XP level 3. HP: 16/26 MP: 4/4
   263 | D:4      | Noticed an ogre
   314 | D:3      | You fall through a shaft!
   314 | D:4      | Noticed a scorpion
   362 | D:4      | Noticed an ogre
   362 | D:4      | Slain by a hound

Vault maps used:
D:1:      scummos_arrival_star
D:2:      kennysheep_goblin_castle
D:3:      okawaru_altar_gauntlet_db, tgw_fedhas
D:4:      minmay_temple_entry_statues_pillars, first_bread,
          yredelemnul_altar_generic

Skill      XL: |  1  2 |
---------------+-------+-----
Crossbows      | 3 |  3.5
Fighting       | |  1.1
Dodging        | |  1.7
Spellcasting   | |  1.1
Hexes          | |  3.6

Action                   || total
-------------------------++-------
 Fire: Hand crossbow     ||    31
 Abil: Shaft Self        ||     3
Armor: Robe              ||     7
Dodge: Dodged            ||    23
